 Dungeon Crawl Stone Soup version 0.28-a0-511-gcc94558de3 (webtiles) character file.

Game seed: 16378461665827458865

9 Cancer the Chiller (level 2, 0/19 HPs)
             Began as a Barachi Ice Elementalist on Sept 21, 2021.
             Slain by a jackal (3 damage)
             ... on level 1 of the Dungeon.
             The game lasted 00:01:13 (494 turns).

Cancer the Chiller (Barachi Ice Elementalist)        Turns: 494, Time: 00:01:14

Health: 0/19       AC:  2    Str:  9    XL:     2   Next: 12%
Magic:  3/5        EV: 12    Int: 15    God:
Gold:   10         SH:  0    Dex: 12    Spells: 5/6 levels left

rFire   . . .      SeeInvis .   b - +0 short sword
rCold   . . .      Faith    .   (no shield)
rNeg    . . .      Spirit   .   a - +0 robe
rPois   .          Reflect  .   (no helmet)
rElec   .          Harm     .   (no cloak)
rCorr   .          Rampage  .   (no gloves)
Will    .....                   (no boots)
Stlth   ++........              (no amulet)
HPRegen 0.06/turn               (no ring)
MPRegen 0.09/turn               (no ring)

@: slow
A: amphibious, slowness 1, strong legs 1, +LOS
a: Hop


You were on level 1 of the Dungeon.
You visited 1 branch of the dungeon, and saw 1 of its levels.

You collected 10 gold pieces.

Inventory:

Hand Weapons
 b - a +0 short sword (weapon)
Armour
 a - a +0 robe (worn)
Scrolls
 c - a scroll of teleportation {unknown}


   Skills:
 - Level 2.1 Dodging
 - Level 1.7 Stealth
 + Level 2.6 Spellcasting
 + Level 5.1 Ice Magic


You had 5 spell levels left.
You knew the following spells:

 Your Spells              Type           Power      Damage    Failure   Level
a - Freeze                Ice            68%        1d8       2%          1

Your spell library contained the following spells:

 Spells                   Type           Power      Damage    Failure   Level
 Frozen Ramparts          Ice            34%        1d5       8%          3
 Ozocubu's Armour         Ice            17%        N/A       8%          3
 Hailstorm                Conj/Ice       9%         3d4       58%         4


Dungeon Overview and Level Annotations

Branches:
Dungeon (1/15)

Altars:


Innate Abilities, Weirdness & Mutations

You are amphibious.
You cover ground slowly.
You can hop short distances.
You have an extended range of vision and can be seen from far away.


Message History

The bat is moderately wounded.
The bat hits you. The goblin hits you with a +0 dagger.
The jackal barely misses you.
You barely miss the bat.
The bat is moderately wounded.
The bat barely misses you.
A bat comes into view.
The goblin hits you with a +0 dagger. The jackal closely misses you.
The jackal bites you.
Unknown command.
The bat hits you.
The goblin hits you with a +0 dagger of freezing.
The goblin freezes you. The goblin barely misses you.
The jackal closely misses you. The bat misses you. The bat closely misses you.
The goblin barely misses you. The goblin hits you with a +0 dagger.
The bat closely misses you. The goblin hits you with a +0 dagger.
* * * LOW HITPOINT WARNING * * *
You are too injured to fight recklessly!
You are too injured to fight recklessly!
You miss the goblin. The goblin completely misses you.
You barely miss the goblin. The goblin closely misses you.
You closely miss the goblin. The goblin hits you with a +0 dagger.
* * * LOW HITPOINT WARNING * * *
Casting: Freeze (safe; 2% risk of failure)
Confirm with . or Enter, or press ? or * to list all spells.
Aiming: Freeze (safe; 2% risk of failure)
Press: ? - help, Shift-Dir - straight line, f - goblin
Aim: a goblin, wielding a +0 dagger You freeze the goblin.
You kill the goblin!
Casting: Freeze (safe; 2% risk of failure)
Confirm with . or Enter, or press ? or * to list all spells.
Aiming: Freeze (safe; 2% risk of failure)
Press: ? - help, Shift-Dir - straight line, f - jackal
Aim: a jackal You freeze the jackal.
The jackal is almost dead.
The bat misses you. The jackal bites you.
You die...

##.......#.....#
#........#.###.#
#........#.#.#.# #.
#........#.###.# ....
.........#.....# #....
.........#..<..# #.....
.........#.....# ........
.........#########........
........##....hh@b........
...##........g.###........
[........#......g.........
.......###.#####h..?......
.#............##h.$.......
...............b..........
....###...................
...####...................
..............#.#.........


You could see 2 jackals, a goblin and a bat.

Vanquished Creatures
  2 ball pythons (D:1)
  2 goblins (D:1)
  A quokka (D:1)
  A bat (D:1)
  2 kobolds (D:1)
8 creatures vanquished.

Notes
Turn   | Place    | Note
-------+----------+-------------------------------------------
     0 | D:1      | Cancer the Barachi Ice Elementalist began the quest for the
                  | Orb.
     0 | D:1      | Reached XP level 1. HP: 13/13 MP: 3/3
   256 | D:1      | Reached skill level 5 in Ice Magic
   365 | D:1      | Reached XP level 2. HP: 14/19 MP: 1/5
   494 | D:1      | Slain by a jackal

Illustrated notes

Levels and vault maps discovered:
D:1:      nicolae_arrival_memento_mori, layout_rooms,
          shapermc_ecumenical_altar_flowoftime, chequers_serial_rivers_large_b

Skill      XL: |  1 |
---------------+----+-----
Ice Magic      | 5 |  5.1
Dodging        | |  2.1
Stealth        | |  1.7
Spellcasting   | |  2.6

Action                   || total
-------------------------++-------
Melee: Unarmed           ||     3
       Short sword       ||     9
 Cast: Freeze            ||     8
 Stab: Sleeping          ||     1
Armor: Robe              ||     1
Dodge: Dodged            ||    20

Table legend: (Time is in decaauts)
 A = Elapsed time spent in this place.
 B = Non-inter-level travel time spent in this place.
 C = Inter-level travel time spent in this place.
 D = Time resting spent in this place.
 E = Time spent auto-exploring this place.
 F = Levels seen in this place.
 G = Mean time per level.
                   A        B        C        D        E       F      G
               +--------+--------+--------+--------+--------+-----+--------+
         Total |    529 |    529 |      0 |      0 |    467 |   1 |  529.0 |
       Dungeon |    529 |    529 |      0 |      0 |    467 |   1 |  529.0 |
               +--------+--------+--------+--------+--------+-----+--------+

Top non-repeatable levels by time:
     D:1: 529 daAuts
